 Dungeon Crawl Stone Soup version 0.30-a0-782-ge64f9170bb (webtiles) character file.

Game seed: 4298535910965670182

228 timneilson the Covered (level 6, -2/38 HPs)
             Began as a Gargoyle Fighter on Feb 18, 2023.
             Slain by an orc wizard
             ... wielding a +0 dagger
              (4 damage)
             ... on level 3 of the Dungeon.
             The game lasted 00:03:20 (2400 turns).

timneilson the Covered (Gargoyle Fighter)           Turns: 2400, Time: 00:03:20

Health: -2/38      AC: 14    Str: 19    XL:     6   Next: 2%
Magic:  6/6        EV:  7    Int:  9    God:
Gold:   109        SH:  6    Dex: 11    Spells: 5/5 levels left

rFire   . . .      SeeInvis .    a - +1 long sword
rCold   + . .      Faith    .    c - +1 buckler
rNeg    + . .      Spirit   .    n - +0 chain mail
rPois   ∞          Reflect  .    (no helmet)
rElec   +          Harm     .    (no cloak)
rCorr   .          Rampage  .    (no gloves)
Will    .....                    (no boots) Stlth
                                 (no amulet)
HPRegen 0.26/turn                m - ring of protection from cold
MPRegen 0.10/turn                (no ring)

@: no status effects
A: sickness immunity, AC +4, negative energy resistance 1, electricity
resistance, torment resistance 1, petrification resistance
a: no special abilities


You were on level 3 of the Dungeon.
You visited 1 branch of the dungeon, and saw 3 of its levels.

You collected 109 gold pieces.

Inventory:

Hand Weapons
 a - a +1 long sword (weapon)
Missiles
 h - a throwing net (quivered)
Armour
 c - a +1 buckler (worn)
 n - a +0 chain mail (worn)
Jewellery
 m - a ring of protection from cold (left hand)
Scrolls
 e - 2 scrolls of teleportation
 i - a scroll of immolation {unknown}
 j - a scroll of identify
 l - 2 scrolls of torment {unknown}
Potions
 d - 2 potions of might
 f - 2 potions of attraction
 g - a potion of curing
 k - 3 potions of brilliance


   Skills:
 + Level 3.9 Fighting
 * Level 3.1 Long Blades
 * Level 4.5 Armour
 + Level 1.2 Dodging
 * Level 4.5 Shields


You had 5 spell levels left.
You didn't know any spells.
Your spell library contained the following spells:

 Spells                   Type           Power      Damage    Failure   Level
 Freezing Cloud           Conj/Ice/Air   0%         6-21      100%        5
 Simulacrum               Ice/Necr       0%         N/A       100%        6
 Polar Vortex             Ice            0%         N/A       100%        9


Dungeon Overview and Level Annotations

Branches:
Dungeon (3/15)

Altars:

Annotations:
D:3 Ijyb


Innate Abilities, Weirdness & Mutations

You are immune to sickness and miasma.
Your stone body is resilient. (AC +4)
You are immune to poison.
You resist negative energy. (rN+)
You are resistant to electric shocks. (rElec)
You are resistant to unholy torment.
You are immune to petrification.


Message History

You hit the orc priest.
You kill the orc priest!
Ijyb zaps a wand.
The bolt of dispelling energy hits you!
Your magical effects are unravelling.
Ouch! That really hurt!
Something hits you but does no damage. The orc barely misses you.
You hear some strange, mumbled words.
You are more confused.
The orc closely misses you. Ijyb screams, "I cut your head off!"
Ijyb hits you but does no damage. The kobold hits you with a +3 dagger.
* * * LOW HITPOINT WARNING * * *
You have reached level 6!
You're too confused to move!
The kobold hits you but does no damage.
You hear some strange, mumbled words.
A puff of flame appears from out of thin air!
The puff of flame hits you.
* * * LOW HITPOINT WARNING * * *
Ijyb hits you with a +0 dagger.
* * * LOW HITPOINT WARNING * * *
The orc barely misses you.
You bump into the rock wall.
The kobold hits you but does no damage. The orc hits you but does no damage.
Something hits you but does no damage. Ijyb hits you but does no damage.
Unknown command.
You feel better. The kobold hits you but does no damage.
You hear some strange, mumbled words.
Something tries to affect you, but you resist.
Ijyb zaps a wand.
The bolt of dispelling energy hits you!
* * * LOW HITPOINT WARNING * * *
The orc barely misses you.
You hit Ijyb.
Ijyb is moderately wounded.
The kobold hits you but does no damage. You block the orc's attack.
Something hits you but does no damage. You block Ijyb's attack.
You slash Ijyb!
Ijyb is heavily wounded.
The kobold hits you but does no damage. You block Ijyb's attack.
The orc hits you but does no damage. Something hits you.
You die...

###.###.#### #...#....).......[
###.###.##.# #...#####..##.#..#
#....#8.8#.# #...# ##.##.#.##
#...###.##.#####...######.#..#.#
#<#.###'##................#.##.##
.................................
#...######...............#####.##
##.## #######.g.####### #.# ##.#
#@o.# #.# ##.# #K{.# #.# ##.#
..o..# #.# .#.# ##...# #.# ##.#
#...# #.## ..^# ....# #... ####
....# #### ..... #


You could see Ijyb, 2 orcs and a kobold.

Vanquished Creatures
  A phantom (D:3)
  An orc priest (D:3)
  5 adders
  A worm (D:3)
  3 dart slugs
  7 orcs
  4 ball pythons
  7 endoplasms
  5 giant cockroaches
  A goblin (D:3)
  6 hobgoblins
  4 jackals (D:2)
  7 kobolds
  3 quokkas
  4 bats
  4 frilled lizards
  2 rats (D:2)
65 creatures vanquished.

Notes
Turn   | Place    | Note
-------+----------+-------------------------------------------
     0 | D:1      | timneilson the Gargoyle Fighter began the quest for the
                  | Orb.
     0 | D:1      | Reached XP level 1. HP: 14/14 MP: 1/1
   207 | D:1      | Found a faded altar of an unknown god.
   416 | D:1      | Reached XP level 2. HP: 13/19 MP: 2/2
   837 | D:2      | Reached XP level 3. HP: 21/23 MP: 3/3
  1183 | D:2      | Reached XP level 4. HP: 17/28 MP: 4/4
  1882 | D:3      | Noticed a phantom
  1907 | D:3      | Killed a phantom
  1908 | D:3      | Reached skill level 1 in Dodging
  1908 | D:3      | Reached XP level 5. HP: 3/33 MP: 5/5
  2387 | D:3      | Noticed Ijyb
  2396 | D:3      | Reached XP level 6. HP: 9/38 MP: 6/6
  2398 | D:3      | HP: 1/38 [Ijyb/bolt of dispelling energy (12)]
  2400 | D:3      | Slain by an orc wizard

Illustrated notes

Levels and vault maps discovered:
D:1:      evilmike_arrival_hilbert_curve, layout_loops_ring,
          ebering_ecumenical_altar_mist
D:2:      layout_loops_corners, chequers_serial_rivers_marsh
D:3:      layout_loops_cross, nicolae_overflow_ecumenical_swirl,
          dk_noncrumbling_2, dreamdust_princess_corridor, corner_web_ring,
          st_stairs_2, grunt_decor_resistance, minmay_parallelograms, uniq_ijyb

Skill      XL: |  1  2  3  4 |
---------------+-------------+-----
Long Blades    | 2 3 |  3.1
Shields        | 4 |  4.5
Armour         | 4 |  4.5
Dodging        | 1 |  1.2
Fighting       | |  3.9

Action                     |  1- 3 |  4- 6 || total
---------------------------+-------+-------++-------
  Melee: Long sword        |   103 |   147 ||   250
    Use: Scroll            |     5 |     5 ||    10
         Potion            |       |     1 ||     1
 Armour: Scale mail        |    59 |    57 ||   116
         Chain mail        |       |    52 ||    52
  Dodge: Dodged            |    38 |    58 ||    96
  Block: Buckler           |    22 |    43 ||    65

Table legend: (Time is in decaauts)
 A = Elapsed time spent in this place.
 B = Non-inter-level travel time spent in this place.
 C = Inter-level travel time spent in this place.
 D = Time resting spent in this place.
 E = Time spent auto-exploring this place.
 F = Levels seen in this place.
 G = Mean time per level.
                   A        B        C        D        E       F      G
               +--------+--------+--------+--------+--------+-----+--------+
         Total |   2483 |   2426 |     57 |      0 |   1891 |   3 |  827.7 |
       Dungeon |   2483 |   2426 |     57 |      0 |   1891 |   3 |  827.7 |
               +--------+--------+--------+--------+--------+-----+--------+

Top non-repeatable levels by time:
     D:2: 958 daAuts
     D:3: 787 daAuts
     D:1: 737 daAuts
